 Dungeon Crawl Stone Soup version 0.23-a0-470-g6f7cfd9 (webtiles) character file.

53 Amnesiac the Ducker (level 3, 0/22 HPs)
             Began as a Deep Elf Fighter on Nov 26, 2018.
             Killed from afar by an orc wizard (7 damage)
             ... with a puff of flame
             ... on level 4 of the Dungeon.
             The game lasted 00:02:51 (1229 turns).

Amnesiac the Ducker (Deep Elf Fighter)              Turns: 1229, Time: 00:02:51

Health: 0/22       AC:  6    Str: 19    XL:     3   Next: 62%
Magic:  5/5        EV:  8    Int: 12    God:
Gold:   63         SH:  0    Dex: 14    Spells: 2/2 levels left

rFire    . . .     SeeInvis .   a - +0 mace (drain)
rCold    . . .     Gourm    .   c - +0 shield
rNeg     + . .     Faith    .   l - +0 scale mail
rPois    .         Spirit   .   (no helmet)
rElec    .         Reflect  .   (no cloak)
rCorr    .         Harm     .   (no gloves)
MR       .....                  (no boots)
Stlth    ..........             (no amulet)
HPRegen  0.07/turn              k - ring of positive energy
MPRegen  0.09/turn              (no ring)

@: confused, mighty, drained
A: no striking features
a: no special abilities


You were on level 4 of the Dungeon.
You were not hungry.

You visited 1 branch of the dungeon, and saw 4 of its levels.

You collected 63 gold pieces.

Inventory:

Hand Weapons
 a - a +0 mace of draining (weapon)
 b - a +0 dagger of protection
 j - a +0 long sword
Armour
 c - a +0 shield (worn)
 l - a +0 scale mail (worn)
Jewellery
 k - a ring of positive energy (left hand)
Scrolls
 e - a scroll of enchant armour {!r, unknown}
 h - a scroll of magic mapping {!r, unknown}
 i - 2 scrolls of identify {!r, unknown}
Comestibles
 f - a ration
 g - a chunk of flesh


   Skills:
 * Level 2.7(2.5) Fighting
 - Level 2.0(1.8) Long Blades
 * Level 2.7(2.5) Armour
 - Level 2.8(2.6) Dodging
 - Level 2.4(2.2) Shields


You had 2 spell levels left.
You didn't know any spells.
Your spell library was empty.

Dungeon Overview and Level Annotations

Branches:
Dungeon (4/15)
 Temple: D:4-7

Altars:
Ashenzari
Wu Jian


Message History

There is a stone staircase leading down here.
You closely miss the orc. You block the orc's attack.
You hit the orc.
The orc is moderately wounded.
You block the orc's attack.
You closely miss the orc.
The orc is moderately wounded.
The orc closely misses you.
You riposte.
You hit the orc.
The orc is almost dead.
You closely miss the orc.
The orc is almost dead.
You block the orc's attack.
The orc hits you with a +0 mace of draining!
You partially resist.
You feel drained.
You hit the orc.
You kill the orc!
No target in view!
You see here a +0 mace of draining.
j - a +0 mace of draining Some of the chunks of flesh in your inventory have rotted away.
Wield which item (- for none, * to show all)? (? for menu, Esc to quit)
You sense an unholy aura.
j - a +0 mace of draining (weapon)
Adjust (i)tems, (s)pells, or (a)bilities?
Adjust which item? (? for menu, Esc to quit)
j - a +0 mace of draining (weapon)
Adjust to which letter? (? for menu, Esc to quit)
a - a +0 mace of draining (weapon);
j - a +0 long sword
There is a stone staircase leading down here.
You start resting.
HP restored.
You start resting.
You feel a little less clever now.
You climb downwards.
The orc hits you with a +0 flail. The orc hits you with a +0 flail!
* * * LOW HITPOINT WARNING * * *
There is a stone staircase leading up, spattered with blood here.
You sock the orc!
You kill the orc!
You hit the orc wizard.
The orc wizard is moderately wounded.
The orc wizard hits you but does no damage.
You hit the orc wizard but do no damage.
The orc wizard is moderately wounded.
The orc wizard gestures at you while chanting.
You are confused.
You are too confused!
You are too confused!
You are too confused!
You are too confused!
Really quaff
d - a potion of might {!q}?
You feel very mighty all of a sudden. The orc wizard barely misses you.
You miss the orc wizard.
The orc wizard is lightly wounded.
The orc wizard closely misses you.
The orc wizard hits you but does no damage.
An orc wizard comes into view. It is wielding a +0 dagger.
You bump into the rock wall.
The orc wizard shouts!
The orc wizard closely misses you. The orc wizard casts a spell at you.
The puff of flame hits you!
You die...

#.#.#
##o##
########(#
#......#.#
#.####.#.#
#.# #.#.#
#.# #.#o#
#.# #.#<#
#.# #.@)#
#.######.#
#........#
##########


You could see 2 orc wizards.

Vanquished Creatures
  2 adders
  A worm (D:2)
  2 dart slugs (D:2)
  2 orcs
  3 bats
  A goblin (D:3)
  A hobgoblin (D:1)
  4 jackals (D:1)
  3 kobolds
  2 quokkas (D:1)
  A frilled lizard (D:1)
  5 rats
27 creatures vanquished.

Notes
Turn   | Place    | Note
-------+----------+-------------------------------------------
     0 | D:1      | Amnesiac the Deep Elf Fighter began the quest for the Orb.
     0 | D:1      | Reached XP level 1. HP: 13/13 MP: 3/3
    23 | D:1      | Reached skill level 1 in Dodging
    31 | D:1      | Reached XP level 2. HP: 4/18 MP: 4/4
   590 | D:2      | Reached XP level 3. HP: 11/22 MP: 5/5
   944 | D:3      | Found an ornate altar of the Wu Jian Council.
   946 | D:3      | Found a shattered altar of Ashenzari.
  1229 | D:4      | Killed from afar by an orc wizard

Vault maps used:
D:1:      moated_graveyard_arrival
D:2:      minmay_pentomino_r4
D:3:      nicolae_overflow_hidden_temple, uniq_grinder
D:4:      first_ration, uniq_duvessa

Skill      XL: |  1  2 |
---------------+-------+-----
Long Blades    | 2 |  2.0
Dodging        | 1 2 |  2.8
Fighting       | |  2.7
Armour         | |  2.7
Shields        | |  2.4

Action                   || total
-------------------------++-------
Melee: Long sword        ||    86
       Mace              ||     4
Throw: Tomahawk          ||     2
  Use: Potion            ||     2
  Eat: Chunk             ||     1
Armor: Scale mail        ||    43
Dodge: Dodged            ||    44
Block: Shield            ||    43
       Rpst.: Long sword ||    16

Table legend:
 A = Non-vault XP
 B = Vault XP
 C = Vault XP percentage of total XP
 D = Non-vault monster count
 E = Vault monster count
 F = Vault count percentage of total count
                 A         B        C        D         E       F
            +---------+---------+-------+---------+---------+-------
      Total |      58 |      18 |  23.7 |      25 |       2 |   7.4
            +---------+---------+-------+---------+---------+-------
        D:1 |      22 |      13 |  37.1 |      13 |       1 |   7.1
        D:2 |      11 |       5 |  31.2 |       5 |       1 |  16.7
        D:3 |       9 |       0 |   0.0 |       5 |       0 |   0.0
        D:4 |      16 |       0 |   0.0 |       2 |       0 |   0.0
            +---------+---------+-------+---------+---------+-------
